 Dungeon Crawl Stone Soup version 0.30.1-9-gdf580d7c3d (webtiles) character file.

Game seed: 8561964205343380562

1876 lonewolfV2 the Covered (level 8, 0/74 HPs)
             Began as a Minotaur Fighter on Oct 17, 2023.
             Was a Believer of Fedhas.
             Slain by a yak (6 damage)
             ... on level 8 of the Dungeon.
             The game lasted 00:12:26 (5311 turns).

lonewolfV2 the Covered (Minotaur Fighter)           Turns: 5311, Time: 00:12:26

Health: 0/74       AC: 12    Str: 26    XL:     8   Next: 91%
Magic:  7/7        EV:  9    Int: 12    God:    Fedhas [**....]
Gold:   30         SH:  5    Dex: 10    Spells: 7/7 levels left

rFire   . . .        a - +1 war axe (flame)
rCold   . . .        c - +0 buckler
rNeg    + . .        b - +1 scale mail
rPois   +            (helmet restricted)
rElec   .            v - +0 cloak
rCorr   .            C - +1 pair of gloves "Qeos" {Int+7}
SInv    .            (no boots)
Will    .....        i - amulet of faith Stlth
                     e - ring of positive energy
HPRegen 0.32/turn    B - ring "Reliuste" {Wiz Contam rPois Str+3}
MPRegen 0.10/turn

%: faith, wizardry (x1)
@: no status effects
A: horns 2, retaliatory headbutt
a: Renounce Religion, Wall of Briars


You were on level 8 of the Dungeon.
You worshipped Fedhas.
Fedhas was pleased with you.
You visited 2 branches of the dungeon, and saw 9 of its levels.

You collected 296 gold pieces.
You spent 266 gold pieces at shops.

Inventory:

Hand Weapons
 a - a +1 war axe of flaming (weapon)
Missiles
 t - 3 throwing nets (quivered)
Armour
 b - a +1 scale mail (worn)
 c - a +0 buckler (worn)
 v - a +0 cloak (worn)
 C - the +1 pair of gloves "Qeos" (worn) {Int+7}
   (You bought it in a shop on level 7 of the Dungeon)

   Int:       It affects your intelligence (+7).
Jewellery
 e - a ring of positive energy (left hand)
 g - an amulet of regeneration
 h - a ring of poison resistance
 i - an amulet of faith (around neck)
 l - a ring of resist corrosion
 q - an amulet of magic regeneration
 w - a ring of positive energy
 x - an amulet of guardian spirit
 B - the ring "Reliuste" (right hand) {Wiz Contam rPois Str+3}
   (You found it on level 7 of the Dungeon)

   [ring of wizardry]

   It improves your spell success rate.
   Str:       It affects your strength (+3).
   rPois:     It protects you from poison.
   Contam:    It causes magical contamination when unequipped.
 D - an amulet of the acrobat
Wands
 y - a wand of iceblast (1)
Scrolls
 k - a scroll of teleportation
 n - a scroll of enchant armour
 s - a scroll of poison
 z - a scroll of immolation
Potions
 d - 6 potions of might
 f - 4 potions of attraction
 j - 2 potions of brilliance
 m - a potion of cancellation
 o - a potion of flight
 r - a potion of mutation {unknown}
 u - a potion of heal wounds {unknown}
 A - a potion of degeneration {unknown}


   Skills:
 + Level 7.8 Fighting
 + Level 7.3 Axes
 + Level 7.9 Armour
 + Level 7.8 Shields


You had 7 spell levels left.
You didn't know any spells.
Your spell library contained the following spells:

 Spells                   Type           Power      Damage    Failure   Level
 Freeze                   Ice            0%         1d3       30%         1
 Magic Dart               Conj           0%         1d3       30%         1
 Call Imp                 Summ           0%         N/A       41%         2
 Frozen Ramparts          Ice            0%         1d1       65%         3
 Hailstorm                Conj/Ice       0%         3d3       65%         3
 Mephitic Cloud           Conj/Pois/Air  0%         N/A       65%         3
 Vhi's Electric Charge    Tloc/Air       0%         N/A       65%         3
 Arcjolt                  Conj/Air       0%         1d10      100%        5
 Maxwell's Capacitive Co  Air            0%         ∞         100%        8


Dungeon Overview and Level Annotations

Branches:
Dungeon (8/15)             Temple (1/1) D:4
   Lair: D:8-11

Altars:
Ashenzari
Cheibriados
Dithmenos
Elyvilon
Fedhas
Gozag
Hepliaklqana
Kikubaaqudgha
Makhleb
Nemelex Xobeh
Okawaru
Qazlal
Ru
Trog
Uskayaw
Vehumet
Wu Jian
Xom
Zin
The Shining One

Shops:
D:3 *   D:7 [


Innate Abilities, Weirdness & Mutations

You have a pair of horns on your head.
You reflexively headbutt those who attack you in melee.


Message History

You kill the orc!
Fedhas appreciates your contribution to the ecosystem.
You miss something. You barely miss the orc wizard. You barely miss the yak.
The orc wizard casts a spell at you. The puff of flame hits you!
The yak gores you! Something hits you but does no damage.
A sky beast comes into view.
You closely miss the orc wizard. You barely miss the yak. The yak gores you!
* * * LOW HITPOINT WARNING * * *
A steam dragon comes into view.
A sky beast comes into view.
Unknown command.
You bump into the rock wall.
The steam dragon hisses angrily.
The orc wizard hits you with a +0 dagger.
* * * LOW HITPOINT WARNING * * *
The orc wizard hits you but does no damage.
The yak closely misses you. The yak gores you but does no damage.
The sky beast flickers out of sight! x2
You bump into the rock wall.
You feel less confused. You block the orc wizard's attack.
The orc wizard hits you but does no damage.
Something hits you but does no damage. The yak gores you.
* * * LOW HITPOINT WARNING * * *
The yak gores you.
* * * LOW HITPOINT WARNING * * *
You feel better.
The orc wizard hits you but does no damage.
The orc wizard closely misses you. The yak closely misses you.
The yak gores you.
* * * LOW HITPOINT WARNING * * *
Something hits you but does no damage.
You feel better.
The orc wizard hits you but does no damage.
The yak gores you!
* * * LOW HITPOINT WARNING * * *
You block the orc wizard's attack. Something hits you but does no damage.
The yak gores you.
You die...
Fedhas appreciates your contribution to the ecosystem.

# ######
.##....###
......>. ##.....##
.......#
######...D#####..≈
.......<.Y@o..{.#
#####....Yo......§
#.............
#.#.†.........
#.#...#.......
#.##.##....... #
... .....## ##.#
###### #.#


You could see 2 yaks, a steam dragon and 2 orc wizards.

Vanquished Creatures
  Grinder (D:6)
  A yak (D:8)
  An ice beast (D:5)
  A black bear (D:6)
  A sky beast (D:4)
  2 ogres (D:5)
  2 centaurs
  Blork the orc (D:5)
  A scorpion (D:7)
  3 howler monkeys (D:6)
  A hound (D:6)
  2 jellies (D:6)
  A gnoll bouda (D:4)
  4 orc priests
  Crazy Yiuf (D:5)
  An iguana (D:4)
  6 orc wizards
  8 gnolls
  5 adders
  A shadow imp (D:6)
  2 ufetubi
  A worm (D:3)
  3 dart slugs
  18 orcs
  13 ball pythons
  5 endoplasms
  A giant cockroach (D:2)
  2 goblins
  8 hobgoblins
  4 jackals
  7 kobolds
  2 quokkas
  7 bats
  A frilled lizard (D:1)
  4 rats
122 creatures vanquished.

Notes
Turn   | Place    | Note
-------+----------+-------------------------------------------
     0 | D:1      | lonewolfV2 the Minotaur Fighter began the quest for the
                  | Orb.
     0 | D:1      | Reached XP level 1. HP: 19/19 MP: 0/0
   170 | D:1      | Reached XP level 2. HP: 27/27 MP: 1/1
   613 | D:2      | Identified the +11 sling "Fahis" {antimagic, rPois Str+2}
   640 | D:2      | Reached XP level 3. HP: 33/33 MP: 2/2
   775 | D:2      | Found a faded altar of an unknown god.
  1124 | D:3      | Reached XP level 4. HP: 40/40 MP: 3/3
  1332 | D:3      | You fall into a shaft and drop 3 floors!
  1346 | D:6      | Noticed a sky beast
  1366 | D:6      | Reached XP level 5. HP: 20/47 MP: 4/4
  1366 | D:5      | Entered Level 5 of the Dungeon
  1387 | D:4      | Killed a sky beast
  1388 | D:4      | Reached skill level 5 in Fighting
  1388 | D:4      | Reached skill level 5 in Armour
  1388 | D:4      | Reached skill level 5 in Shields
  1547 | D:4      | Reached XP level 6. HP: 56/56 MP: 5/5
  1558 | D:4      | Found a staircase to the Ecumenical Temple.
  1573 | Temple   | Entered the Ecumenical Temple
  1796 | Temple   | Became a worshipper of Fedhas Madash
  2216 | D:3      | Found a sacrificial altar of Ru.
  2224 | D:3      | Found a glowing golden altar of the Shining One.
  2473 | D:3      | Found Zin's Purification Station.
  2482 | D:3      | Found a glowing silver altar of Zin.
  2702 | D:5      | Found a white marble altar of Elyvilon.
  2719 | D:5      | Reached skill level 5 in Axes
  2719 | D:5      | Reached XP level 7. HP: 27/61 MP: 6/6
  2960 | D:5      | Noticed Blork the orc
  2965 | D:5      | Killed Blork the orc
  3055 | D:5      | Reached * piety under Fedhas
  3189 | D:5      | Found a runed translucent door.
  3190 | D:5      | Noticed Crazy Yiuf
  3433 | D:5      | Killed Crazy Yiuf
  3478 | D:6      | Noticed Grinder
  3496 | D:6      | Reached XP level 8. HP: 58/71 MP: 7/7
  3566 | D:6      | Killed Grinder
  4105 | D:6      | Found a shadowy altar of Dithmenos.
  4135 | D:6      | Reached ** piety under Fedhas
  4744 | D:7      | Identified the ring "Reliuste" {Wiz Contam rPois Str+3}
  4791 | D:7      | Found Jyziyrufre's Antique Armour Shop.
  4794 | D:7      | Bought a pair of faintly humming gloves for 266 gold pieces
  4794 | D:7      | Identified the +1 pair of gloves "Qeos" {Int+7} (You bought
                  | it in a shop on level 7 of the Dungeon)
  4810 | D:7      | Found an ornate altar of the Wu Jian Council.
  5311 | D:8      | Slain by a yak

Illustrated notes

Levels and vault maps discovered:
D:1:      saegor_arrival_simple_b, layout_rooms
D:2:      layout_rooms, shapermc_ecumenical_altar_mp_urbaneastern,
          minmay_heptomino_o4
D:3:      layout_loops_ring, zin_purify, amethyst_overflow_temple_binary
D:4:      layout_loops_ring, minmay_temple_entry_proselytizer
D:5:      layout_gridville, mainiacjoe_overflow_cross_hatched,
          kennysheep_generic_room_3, uniq_crazy_yiuf_cottage, uniq_blork_the_orc
D:6:      layout_cave_pools, grunt_dithmenos_smoke,
          chequers_serial_rivers_small_b, serial_bayou_pond_e, uniq_grinder
D:7:      layout_loops_corners, old_standard_altar, serial_shops,
          nicolae_shop_real_fake_doors
D:8:      layout_basic, kennysheep_mini_moat, marbit_many_paths,
          hangedman_misty_isle
Temple:   nicolae_temple_bog_church

Skill      XL: |  1  2  3  4  5  6  7  8 |
---------------+-------------------------+-----
Armour         | 4 5 6 7 |  7.9
Shields        | 4 5 6 7 |  7.8
Fighting       | 4 5 6 7 |  7.8
Axes           | 3 4 5 6 7 |  7.3

Action                     |  1- 3 |  4- 6 |  7- 9 || total
---------------------------+-------+-------+-------++-------
  Melee: War axe           |    82 |    79 |    79 ||   240
         Headbutt          |     7 |     8 |    11 ||    26
    Use: Scroll            |     4 |     4 |     9 ||    17
         Potion            |       |       |     2 ||     2
 Armour: Scale mail        |    56 |    55 |    80 ||   191
  Dodge: Dodged            |    49 |    55 |    54 ||   158
  Block: Buckler           |    30 |    30 |    33 ||    93
